 Dungeon Crawl Stone Soup version 0.28.0-47-ge53b351184 (webtiles) character file.

Game seed: 6271012536185011351

94 issech the Cudgeller (level 4, -1/44 HPs)
             Began as a Troll Monk on May 6, 2022.
             Slain by Ijyb
             ... wielding a +0 club
              (10 damage)
             ... on level 3 of the Dungeon.
             The game lasted 00:06:02 (2224 turns).

issech the Cudgeller (Troll Monk)                   Turns: 2224, Time: 00:06:03

Health: -1/44      AC:  4    Str: 19    XL:     4   Next: 38%
Magic:  1/1        EV: 10    Int:  6    God:
Gold:   78         SH:  0    Dex: 14    Spells: 3/3 levels left

rFire   . . .      SeeInvis .   i - +0 spear (antimagic)
rCold   . . .      Faith    .   (no shield)
rNeg    . . .      Spirit   .   b - +0 robe
rPois   .          Reflect  .   (helmet restricted)
rElec   .          Harm     .   (no cloak)
rCorr   .          Rampage  .   (gloves unavailable)
Will    .....                   (boots unavailable)
Stlth   ++........              (no amulet)
HPRegen 0.94/turn               (no ring)
MPRegen 0.07/turn               (no ring)

@: no status effects
A: large, unfitting armour, claws 3, regeneration 1, shaggy fur 1, tough skin 1
a: no special abilities


You were on level 3 of the Dungeon.
You visited 1 branch of the dungeon, and saw 3 of its levels.

You collected 78 gold pieces.

Inventory:

Hand Weapons
 a - a +0 mace
 i - a +0 antimagic spear (weapon)
Missiles
 d - 104 stones (quivered)
 e - 17 arrows
 h - 5 poisoned darts
 j - 18 sling bullets
Armour
 b - a +0 robe (worn)
Scrolls
 c - a scroll of fear {unknown}
 g - 3 scrolls of identify {unknown}
 n - a scroll of enchant weapon {unknown}
Potions
 f - 2 potions of haste {unknown}
 k - a potion of invisibility {unknown}
 l - a potion of heal wounds {unknown}
 m - a potion of lignification {unknown}


   Skills:
 + Level 2.8 Fighting
 + Level 3.3 Maces & Flails
 + Level 1.1 Polearms
 + Level 3.1 Dodging
 + Level 1.2 Stealth


You had 3 spell levels left.
You didn't know any spells.
Your spell library contained the following spells:

 Spells                   Type           Power      Damage    Failure   Level
 Sandblast                Erth           0%         2d4       45%         1
 Shock                    Conj/Air       0%         1d3       45%         1
 Passwall                 Tmut/Erth      0%         N/A       58%         2
 Stone Arrow              Conj/Erth      0%         3d7       83%         3
 Swiftness                Air            0%         N/A       83%         3
 Airstrike                Air            0%         N/A       99%         4


Dungeon Overview and Level Annotations

Branches:
Dungeon (3/15)

Altars:

Shops:
D:1 [   D:2 =

Annotations:
D:3 Ijyb


Innate Abilities, Weirdness & Mutations

You are too large for most types of armour.
You have claws for hands.
Your natural rate of healing is unusually fast.
You are covered in fur. (AC +1)
You have tough skin. (AC +1)


Message History

An orc comes into view. It is wielding a +0 trident.
An orc comes into view. It is wielding a +0 hand axe.
Found a robe.
The orc completely misses you.
An orc comes into view. It is wielding a +0 flail.
The orc shouts! x2; You hear a shout!
The orc hits you with a +0 trident!
You hit the orc.
The orc is severely wounded.
The orc hits you with a +0 trident.
You barely miss the orc.
The orc is severely wounded.
The orc hits you but does no damage.
Ijyb the Twisted Goblin comes into view.
She is wielding a +0 club and carrying a wand of iceblast (5).
You hit the orc.
You kill the orc!
A rat comes into view.
You barely miss the orc. The orc barely misses you.
You puncture the orc!
You kill the orc!
You puncture the orc!
The orc is almost dead.
The orc hits you with a +0 flail.
You puncture the orc!
You kill the orc!
Ijyb drinks a potion.
Ijyb goes berserk!
Ijyb hits you with a +0 club! Ijyb closely misses you.
You closely miss Ijyb. Ijyb hits you with a +0 club!
The rat bites you but does no damage.
You hit Ijyb but do no damage. Ijyb hits you with a +0 club.
The rat barely misses you. Ijyb hits you with a +0 club.
You closely miss Ijyb. Ijyb completely misses you. The rat closely misses you.
Ijyb hits you with a +0 club.
* * * LOW HITPOINT WARNING * * *
Ijyb hits you with a +0 club!
* * * LOW HITPOINT WARNING * * *
You barely miss Ijyb. Ijyb hits you with a +0 club.
* * * LOW HITPOINT WARNING * * *
The rat barely misses you. Ijyb hits you with a +0 club!
You die...

#....# #.#####.. .####....#
#.#...[.........
.........#####.#.............
...............#.............
...................##........
..........####...##..#........
.............#...###.#........
#...###......#..r....#........
.#...###......#.@g......)...[..
...............................
.....................#..###....
.....................#..# ...
.....................##.# #
.........................
........###..............#
........######...........#
............##.......


You could see Ijyb (berserk) and a rat.

Vanquished Creatures
  4 adders
  A worm (D:2)
  2 dart slugs
  3 orcs (D:3)
  4 ball pythons (D:1)
  2 endoplasms
  5 goblins (D:1)
  4 hobgoblins
  5 jackals (D:2)
  6 bats
  5 frilled lizards
  5 kobolds (D:1)
  3 rats
49 creatures vanquished.

Notes
Turn   | Place    | Note
-------+----------+-------------------------------------------
     0 | D:1      | issech the Troll Monk began the quest for the Orb.
     0 | D:1      | Reached XP level 1. HP: 22/22 MP: 0/0
    86 | D:1      | Reached XP level 2. HP: 29/29 MP: 1/1
   315 | D:1      | Found Baeh's Antique Armour Emporium.
   982 | D:2      | Found Vaptywiga's Jewellery Shoppe.
  1062 | D:2      | Reached XP level 3. HP: 35/36 MP: 0/2
  1999 | D:3      | Found a faded altar of an unknown god.
  2031 | D:3      | Reached XP level 4. HP: 33/44 MP: 1/3
  2098 | D:3      | Reached skill level 1 in Polearms
  2206 | D:3      | Noticed Ijyb
  2224 | D:3      | Slain by Ijyb

Illustrated notes

Levels and vault maps discovered:
D:1:      saegor_arrival_miasma, layout_basic, serial_shops, nicolae_shop_trees
D:2:      layout_loops_corners, serial_shops, shop, serial_co_window_serial,
          co_window_corner_a, co_window_paths_b, co_window_of_opportunity_a,
          co_window_paths_a, co_window_paths_a, co_window_paths_a,
          co_window_unsneaky_path_e, co_window_2corner,
          co_window_unsneaky_path_e, glass_columns_b, glass_columns_a,
          glass_columns_a, glass_columns_b
D:3:      layout_basic, nicolae_ecumenical_pavilion, uniq_ijyb

Skill      XL: |  1  2  3  4 |
---------------+-------------+-----
Maces & Flails | 3 |  3.3
Dodging        | 3 |  3.1
Polearms       | 1 |  1.1
Fighting       | |  2.8
Stealth        | |  1.2

Action                   |  1- 3 |  4- 6 || total
-------------------------+-------+-------++-------
Melee: Mace              |    71 |       ||    71
       Spear             |    96 |    39 ||   135
       Punch             |     1 |       ||     1
 Stab: Sleeping          |     3 |       ||     3
Armor: Robe              |    82 |    16 ||    98
Dodge: Dodged            |   106 |    36 ||   142
